 Dungeon Crawl Stone Soup version 0.30-a0-737-gf23d94013f (webtiles) character file.

Game seed: 2883015194815966870

231 jimonade the Ducker (level 6, -1/45 HPs)
             Began as a Djinni Gladiator on Feb 3, 2023.
             Splashed by a jelly's acid (9 damage)
             ... on level 6 of the Dungeon.
             The game lasted 00:05:27 (2510 turns).

jimonade the Ducker (Djinni Gladiator)              Turns: 2510, Time: 00:05:27

Health: -1/45      AC: -3    Str: 13    XL:     6   Next: 24%
Gold:   254        EV: 13    Int: 12    God:
                   SH:  5    Dex: 14

rFire   + + .      SeeInvis .    a - +1 dagger (venom)
rCold   x . .      Faith    .    (no shield)
rNeg    . . .      Spirit   .    s - +0 leather armour
rPois   ∞          Reflect  +    c - +0 helmet
rElec   .          Harm     .    (no cloak)
rCorr   .          Rampage  .    (no gloves)
Will    +....                    (boots unavailable)
Stlth   +                        m - amulet of reflection
HPRegen 0.27/turn                f - ring of willpower
MPRegen 0.00/turn                (no ring)

@: corroded, flying
A: sickness immunity, fire resistance 2, cold vulnerability 1, float, innate
caster, HP casting, extra vitality 1
a: no special abilities


You were on level 6 of the Dungeon.
You visited 1 branch of the dungeon, and saw 4 of its levels.

You collected 254 gold pieces.

Inventory:

Hand Weapons
 a - a +1 dagger of venom (weapon)
 b - a +0 short sword of electrocution
 h - a +0 sling
 k - a +0 rapier
Missiles
 d - 2 throwing nets
 e - a javelin
Armour
 c - a +0 helmet (worn)
 s - a +0 leather armour (worn)
Jewellery
 f - a ring of willpower (left hand)
 i - an amulet of the acrobat
 m - an amulet of reflection (around neck)
Scrolls
 g - a scroll of teleportation {unknown}
 j - 3 scrolls of identify {unknown}
 n - a scroll of magic mapping {unknown}
 o - a scroll of enchant weapon {unknown}
 p - 2 scrolls of amnesia {unknown}
 r - a scroll of fear {unknown}
Potions
 l - a potion of curing {unknown}
 q - a potion of flight {unknown}


   Skills:
 + Level 2.9 Fighting
 + Level 3.5 Short Blades
 + Level 1.5 Throwing
 + Level 2.4 Armour
 + Level 4.1 Dodging
 + Level 0.3 Stealth
 + Level 1.2 Shields
 * Level 1.4 Spellcasting


You had 4 spell levels left.
You knew the following spells:

 Your Spells              Type           Power      Damage    Failure   Level
a - Shock                 Conj/Air       16%        1d4       21%         1
b - Passwall              Tmut/Erth      3%         N/A       30%         2
Your spell library was empty.

Dungeon Overview and Level Annotations

Branches:
Dungeon (3/15)

Altars:
Ru

Shops:
D:2 [


Innate Abilities, Weirdness & Mutations

You are immune to sickness and miasma.
You are immune to poison.
Your flesh is very heat resistant. (rF++)
You are vulnerable to cold. (rC-)
You float through the air rather than walking.
You learn spells naturally, not from books.
Your magical power is your life essence.
You have superior vitality. (+4 MHP)


Message History

j - 3 scrolls labelled CIENEDILOU (gained 1)
An ice beast comes into view.
Found 17 gold pieces.
You see here a +0 leather armour.
A jelly comes into view.
Found a sling.
The jelly quivers.
A jelly is nearby!
A jelly is nearby!
The jelly barely misses you.
You hit the jelly. The acid corrodes you!
Your hands burn!
The jelly is lightly wounded.
You hit the jelly.
Your hands burn!
The jelly is lightly wounded.
The jelly misses you.
You barely miss the jelly.
The jelly is lightly wounded.
You block the jelly's attack.
You hit the jelly.
Your hands burn!
The jelly is lightly wounded.
The jelly hits you. The acid corrodes you!
You are splashed with acid!
You hit the jelly.
Your hands burn!
The jelly is moderately wounded.
The jelly hits you.
You are splashed with acid.
You are too injured to fight recklessly!
You are too injured to fight recklessly!
You are too injured to fight recklessly!
You hit the jelly. The acid corrodes you!
Your hands burn!
* * * LOW HITPOINT WARNING * * *
The jelly is heavily wounded.
You hit the jelly.
The jelly is poisoned.
Your hands burn!
* * * LOW HITPOINT WARNING * * *
The jelly is heavily wounded.
The jelly closely misses you.
You completely miss the jelly.
The jelly is heavily wounded.
The jelly hits you.
* * * LOW HITPOINT WARNING * * *
You are splashed with acid!
You die...

##.## #.# #.# #.#
#.# #.# #.# #.# #.#
######.# #.#
#......# #.#
#.######
#######.###.# #####
#.@.........###....
#J###.......).....#
.).
#>..[...........
..###
#.........>.#### #.
#.[......##.# #
##.......##.#
#.......##..
#.......#####
#.#####.#


You could see a jelly (very poisoned).

Vanquished Creatures
  A hound (D:6)
  2 orc priests
  An iguana (D:6)
  4 adders
  3 worms
  2 dart slugs (D:3)
  6 orcs (D:3)
  4 ball pythons
  4 endoplasms
  A giant cockroach (D:3)
  4 goblins
  7 hobgoblins
  5 kobolds
  3 quokkas
  8 bats
  8 frilled lizards
  3 rats (D:1)
66 creatures vanquished.

Notes
Turn   | Place    | Note
-------+----------+-------------------------------------------
     0 | D:1      | jimonade the Djinni Gladiator began the quest for the Orb.
     0 | D:1      | Reached XP level 1. HP: 18/18 MP: 0/0
   259 | D:1      | Reached XP level 2. HP: 23/23 MP: 0/0
   789 | D:1      | Reached XP level 3. HP: 28/28 MP: 0/0
   789 | D:1      | Learned a level 1 spell: Shock
   891 | D:2      | Found Janinioq's Armour Shoppe.
   992 | D:2      | Found a sacrificial altar of Ru.
  1147 | D:2      | Reached XP level 4. HP: 34/34 MP: 0/0
  1188 | D:2      | Reached skill level 1 in Armour
  1996 | D:3      | Reached XP level 5. HP: 37/39 MP: 0/0
  1996 | D:3      | Learned a level 2 spell: Passwall
  2004 | D:3      | Reached skill level 1 in Spellcasting
  2239 | D:3      | You are sucked into a shaft and drop 3 floors!
  2257 | D:6      | Reached skill level 4 in Dodging
  2376 | D:6      | Reached skill level 1 in Shields
  2376 | D:6      | Reached XP level 6. HP: 43/45 MP: 0/0
  2476 | D:6      | Noticed an ice beast
  2510 | D:6      | Splashed by a jelly's acid

Illustrated notes

Levels and vault maps discovered:
D:1:      mrwooster_arrival_statue_3, layout_basic, serial_bayou_pond_a
D:2:      layout_rooms, basic_altar, serial_shops, shop_fountains,
          minmay_crystal_water, lightli_corner_chamber
D:3:      layout_basic, minmay_close_crescents
D:6:      layout_loops_ring, mainiacjoe_overflow_cross_hatched,
          minmay_misc_feat_five

Skill      XL: |  1  2  3  4  5 |
---------------+----------------+-----
Short Blades   | 3 |  3.5
Armour         | 1 2 |  2.4
Spellcasting   | 1 |  1.4
Dodging        | 4 |  4.1
Shields        | 1 |  1.2
Fighting       | |  2.9
Throwing       | |  1.5
Stealth        | |  0.3

Action                     |  1- 3 |  4- 6 || total
---------------------------+-------+-------++-------
  Melee: Rapier            |    44 |       ||    44
         Dagger            |    73 |   131 ||   204
         Punch             |     2 |     1 ||     3
  Throw: Throwing net      |     1 |       ||     1
   Stab: Sleeping          |     1 |       ||     1
 Armour: Leather armour    |    30 |    22 ||    52
  Dodge: Dodged            |    56 |    52 ||   108
  Block: Other             |    11 |    19 ||    30

Table legend: (Time is in decaauts)
 A = Elapsed time spent in this place.
 B = Non-inter-level travel time spent in this place.
 C = Inter-level travel time spent in this place.
 D = Time resting spent in this place.
 E = Time spent auto-exploring this place.
 F = Levels seen in this place.
 G = Mean time per level.
                   A        B        C        D        E       F      G
               +--------+--------+--------+--------+--------+-----+--------+
         Total |   2477 |   2450 |     27 |      0 |   1896 |   4 |  619.2 |
       Dungeon |   2477 |   2450 |     27 |      0 |   1896 |   4 |  619.2 |
               +--------+--------+--------+--------+--------+-----+--------+

Top non-repeatable levels by time:
     D:1: 890 daAuts
     D:3: 788 daAuts
     D:2: 532 daAuts
     D:6: 266 daAuts
